[Event "7th Sharjah Masters 2024"]
[Site "Sharjah"]
[Date "2024.05.18"]
[Round "5.11"]
[White "Nguyen, Thai Dai Van"]
[Black "Maurizzi, Marc`Andria"]
[Result "1/2-1/2"]
[ECO "E08"]
[WhiteElo "2650"]
[BlackElo "2618"]
[Annotator "TA"]
[PlyCount "82"]
[EventDate "2024.05.13"]
[EventType "swiss"]
[EventCountry "UAE"]
[SourceTitle "playchess.com"]
[Source "ChessBase"]
[SourceQuality "1"]
[TimeControl "5400+30"]

1. d4 d5 2. c4 e6 3. Nf3 Nf6 4. g3 Bb4+ 5. Bd2 Be7 6. Bg2 Nbd7 7. O-O O-O 8. Qc2 c6 9. Bf4 Ne4 10. Rd1 f5 11. b3 a5 12. Nc3 Bf6 13. Rac1 g5 14. Be3 Qe7 15. Ne1 (15. h3 {keeps more tension.} h6 16. g4 Nd6 17. gxf5 Nxf5 18. cxd5 Nxe3 19. d6) 15... Nd6 16. c5 Ne4 17. Nxe4 fxe4 18. Qd2 e5 19. f3 exd4 20. Bxd4 {[%emt 0:00:02] The position is equal.} Bxd4+ 21. Qxd4 Nf6 22. fxe4 Nxe4 23. Bxe4 Qxe4 24. Qxe4 dxe4 25. Nc2 a4 26. b4 a3 27. Ne3 Be6 28. Rc2 Rfd8 29. Rxd8+ Rxd8 $11 {[%emt 0:00:37][%mdl 4096] Endgame. KRB-KRN} 30. Kf2 Rd4 31. Rc3 Rxb4 32. Rxa3 Kf7 33. Ra7 Kf6 34. a4 Ke5 35. a5 Rb5 36. a6 bxa6 (36... Rxc5 $2 {is the wrong capture.} 37. axb7 (37. Rxb7 Ra5 $16) 37... Rb5 38. Ra5 Rxa5 39. b8=Q+ $18 (39. b8=B+ $2 Kd4 $19)) 37. Rxa6 Rxc5 38. Ra7 h5 39. Rh7 h4 40. gxh4 gxh4 41. Rxh4 Rc1 {[%emt 0:00:18] An interesting draw.   Weighted Error Value: White=0.05 (flawless) /Black=0.05 (flawless) .  Inaccurate:     	White=1     	Black=2      OK:         	White=12    	Black=11     Best:        	White=2     	Black=1} 1/2-1/2

[Event "7th Sharjah Masters 2024"]
[Site "Sharjah"]
[Date "2024.05.18"]
[Round "5.12"]
[White "Mendonca, Leon Luke"]
[Black "Theodorou, Nikolas"]
[Result "1/2-1/2"]
[ECO "C54"]
[WhiteElo "2640"]
[BlackElo "2617"]
[Annotator "TA"]
[PlyCount "41"]
[EventDate "2024.05.13"]
[EventType "swiss"]
[EventCountry "UAE"]
[SourceTitle "playchess.com"]
[Source "ChessBase"]
[SourceQuality "1"]
[TimeControl "5400+30"]

1. e4 e5 2. Nf3 Nc6 3. Bc4 Nf6 4. d3 Bc5 5. c3 d6 6. O-O a5 7. Re1 Ba7 8. Nbd2 O-O {[%emt 0:00:30] The position is equal.} 9. Nf1 Be6 10. Bb5 Ne7 11. d4 Ng6 12. Ng3 c6 13. Bd3 Bg4 14. Be3 d5 15. dxe5 Nxe5 {[%emt 0:00:30] Threatens to win with ...dxe4.} 16. Bxa7 {[%emt 0:00:30] [#] Bd4 is the strong threat.} Bxf3 17. gxf3 Rxa7 18. exd5 Nxd3 19. Qxd3 Qxd5 20. Qxd5 Nxd5 21. c4 {[%emt 0:00:30] A rather calm draw.   Weighted Error Value: White=0.04 (flawless) /Black=0.02 (flawless) .  OK:         	White=5     	Black=11} 1/2-1/2

[Event "7th Sharjah Masters 2024"]
[Site "Sharjah"]
[Date "2024.05.18"]
[Round "5.13"]
[White "Iniyan, Pa"]
[Black "Radjabov, Teimour"]
[Result "1/2-1/2"]
[ECO "D19"]
[WhiteElo "2497"]
[BlackElo "2723"]
[Annotator "TA"]
[PlyCount "63"]
[EventDate "2024.05.13"]
[EventType "swiss"]
[EventCountry "UAE"]
[SourceTitle "playchess.com"]
[Source "ChessBase"]
[SourceQuality "1"]
[TimeControl "5400+30"]

1. d4 Nf6 2. c4 c6 3. Nc3 d5 4. Nf3 dxc4 5. a4 Bf5 6. e3 e6 7. Bxc4 Bb4 8. O-O O-O 9. Qe2 Bg6 10. Ne5 Nbd7 11. Nxg6 hxg6 12. Rd1 Qc7 13. e4 e5 14. d5 Rad8 15. a5 {[%emt 0:10:18] White is slightly better.} b5 16. dxc6 bxc4 17. cxd7 Rxd7 18. Rxd7 Qxd7 19. Bd2 {[%emt 0:02:02] The position is equal.} Rb8 20. Be3 Qc7 21. a6 Bxc3 22. bxc3 Nxe4 23. Bxa7 $1 Nxc3 24. Qe3 Rc8 25. Bb6 (25. Qxc3 Qxa7 26. Qxe5 c3) 25... Qc6 {[%emt 0:00:33] [#] Strongly threatening ...Nd5.} 26. Qxe5 Qxb6 27. Qxc3 $11 {[%emt 0:00:08] KQR-KQR} Qb3 28. Qd4 c3 {[%emt 0:00:56] Threatens to win with ...c2.} 29. a7 c2 30. Rc1 $1 Qa3 31. Qe3 (31. Rxc2 $2 {leads to mate.} Qc1+ 32. Rxc1 Rxc1+) 31... Qxe3 32. fxe3 {[%emt 0:00:05] Weighted Error Value: White=0.03 (flawless) /Black=0.00 (flawless) .  OK:         	White=8     	Black=14     Best:        	---       	Black=2      Strong:       	White=2     	---} 1/2-1/2

[Event "7th Sharjah Masters 2024"]
[Site "Sharjah"]
[Date "2024.05.18"]
[Round "5.14"]
[White "Vakhidov, Jakhongir"]
[Black "Maghsoodloo, Parham"]
[Result "0-1"]
[ECO "D35"]
[WhiteElo "2599"]
[BlackElo "2733"]
[Annotator "TA"]
[PlyCount "116"]
[EventDate "2024.05.13"]
[EventType "swiss"]
[EventCountry "UAE"]
[SourceTitle "playchess.com"]
[Source "ChessBase"]
[SourceQuality "1"]
[TimeControl "5400+30"]

1. c4 e6 2. Nc3 d5 3. d4 Nf6 4. cxd5 Nxd5 5. e4 Nxc3 6. bxc3 c5 7. Rb1 Be7 {[%emt 0:00:06] D35: Queen's Gambit Declined: Exchange Variation.} 8. Nf3 O-O 9. Bc4 {[%emt 0:00:03] 9.h4 might become the main line.} Qc7 10. Bb3 $146 ({Predecessor:} 10. Qe2 a6 11. O-O b5 12. Bd3 Nd7 13. Rd1 h6 14. a4 bxa4 15. g3 cxd4 16. cxd4 {1-0 Mamedyarov,S (2764)-Dominguez Perez,L (2763) Saint Louis Rapid 2019 (1)}) 10... b6 11. O-O Nc6 12. d5 Na5 13. Bc2 Ba6 14. e5 exd5 15. Re1 Rae8 16. Bf4 Nc4 17. Qd3 g6 18. Bh6 Bc8 19. Bxf8 Bxf8 20. Qxd5 Na3 21. Rbc1 Bh6 22. Ba4 Be6 23. Qe4 b5 24. Rcd1 Qe7 25. Bb3 c4 26. Nd4 $1 (26. Bc2 $2 Bf5 27. Qd5 Bxc2 $19 (27... Nxc2 $2 28. Re2 $19)) 26... cxb3 27. axb3 a5 28. Qc6 Bf8 29. Ra1 (29. Nxe6 $17 Qxe6 30. Qxe6 Rxe6 (30... fxe6 31. Re4 $17) 31. Rd8) 29... Qd8 30. Qe4 (30. Nxe6 $142 Rxe6 31. Qe4) 30... Bd5 $19 31. Qf4 Qb6 32. Rad1 Qb7 33. Qg3 a4 34. b4 Bb3 35. Rd2 Qd5 36. f4 Bg7 (36... Rc8 $19 {[%cal Oa3c2] And now ...Nc2! would win.} 37. f5 Nc2 (37... Nc4 38. Rd3 $11) 38. Rxc2 Bxc2 39. Nxc2 Qd2) 37. Qf2 (37. h4 $17) 37... Qb7 38. Rde2 (38. Ra1 $17 {was necessary.} Nc4 39. Re2) 38... Bc4 $19 39. Rd2 {[%emt 0:00:26] [#]} Bd5 $1 40. Rdd1 Nc4 41. h4 h5 42. Kh2 a3 43. g3 (43. Re2 $142) 43... Nb2 $19 44. Rd2 Na4 45. Nc2 a2 (45... Nxc3 46. Qd4 Qc6 47. Nxa3 $11) 46. Ne3 Bb3 ({Not} 46... Nxc3 47. Nxd5 Nxd5 48. Rxa2 $19) 47. Rd3 (47. Rxa2 $142 Bxa2 (47... Nxc3 48. Ra3 $17) 48. Qxa2) 47... Qe4 $19 48. Qf1 Qc6 49. Rc1 Qe4 50. Re1 $1 Ra8 51. Rd4 Qc6 52. c4 Nc3 53. Ra1 bxc4 54. Qe1 Nb5 55. Rd5 Bf8 56. e6 c3 57. exf7+ Kxf7 58. Re5 Nd4 0-1

[Event "7th Sharjah Masters 2024"]
[Site "Sharjah"]
[Date "2024.05.18"]
[Round "5.15"]
[White "Vokhidov, Shamsiddin"]
[Black "Artemiev, Vladislav"]
[Result "1/2-1/2"]
[ECO "C72"]
[WhiteElo "2592"]
[BlackElo "2705"]
[Annotator "TA"]
[PlyCount "66"]
[EventDate "2024.05.13"]
[EventType "swiss"]
[EventCountry "UAE"]
[SourceTitle "playchess.com"]
[Source "ChessBase"]
[SourceQuality "1"]
[TimeControl "5400+30"]

1. e4 e5 2. Nf3 Nc6 3. Bb5 a6 4. Ba4 d6 5. O-O Bd7 6. d4 Nxd4 7. Bxd7+ Qxd7 8. Nxd4 exd4 9. Qxd4 Nf6 10. Nc3 Be7 11. Rd1 Rd8 12. b3 O-O 13. Bb2 Rfe8 14. Nd5 c6 15. Nxe7+ Qxe7 16. f3 d5 {[%emt 0:01:11] The position is equal.} 17. exd5 Rxd5 18. Qc3 Qf8 19. Rxd5 Nxd5 20. Qd2 b5 21. Rc1 Rd8 22. Rd1 f6 23. c4 bxc4 24. bxc4 Qc5+ 25. Qd4 Nf4 26. Qxc5 Rxd1+ 27. Kf2 Nd3+ 28. Ke2 Nxc5 29. Kxd1 Kf7 30. Kc2 Ke6 31. Ba3 Nd7 32. Kc3 c5 33. Bc1 Ke5 {[%emt 0:07:07] A balanced but interesting game.   Weighted Error Value: White=0.04 (flawless) /Black=0.01 (flawless) .  OK:         	White=11    	Black=15     Best:        	White=3     	Black=2} 1/2-1/2

[Event "7th Sharjah Masters 2024"]
[Site "Sharjah"]
[Date "2024.05.18"]
[Round "5.16"]
[White "Safarli, Eltaj"]
[Black "Esipenko, Andrey"]
[Result "1/2-1/2"]
[ECO "B23"]
[WhiteElo "2597"]
[BlackElo "2704"]
[Annotator "TA"]
[PlyCount "54"]
[EventDate "2024.05.13"]
[EventType "swiss"]
[EventCountry "UAE"]
[SourceTitle "playchess.com"]
[Source "ChessBase"]
[SourceQuality "1"]
[TimeControl "5400+30"]

1. e4 c5 2. Nc3 Nc6 3. Bb5 Nd4 4. a4 a6 5. Bc4 e6 6. Nf3 Nf6 7. d3 d5 8. Ba2 Nc6 9. O-O Be7 10. Re1 Nb4 11. Bb3 b6 12. Bg5 (12. exd5 $14 exd5 13. Ne5) 12... Bb7 $11 {[%emt 0:00:30] The position is equal.} 13. exd5 Nbxd5 14. Nxd5 Nxd5 15. Bxe7 Qxe7 16. Ne5 O-O 17. Qg4 Rad8 18. Qg3 Kh8 19. Bxd5 Bxd5 20. b3 f6 21. Nc4 Qb7 22. Re2 b5 23. axb5 axb5 24. Ne3 Bc6 25. Rae1 Rd4 26. f4 {[%emt 0:00:30][%cal Oe3f5] [#] Hoping for Nf5!} Qb8 27. Nf1 Bd7 $1 {[%emt 0:00:30] A rather calm draw.   Weighted Error Value: White=0.02 (flawless) /Black=0.03 (flawless) .  Mistake:       	White=1     	---        OK:         	White=12    	Black=9      Strong:       	---       	Black=1} 1/2-1/2

[Event "7th Sharjah Masters 2024"]
[Site "Sharjah"]
[Date "2024.05.18"]
[Round "5.17"]
[White "Nesterov, Arseniy"]
[Black "Deac, Bogdan-Daniel"]
[Result "1/2-1/2"]
[ECO "D37"]
[WhiteElo "2590"]
[BlackElo "2693"]
[Annotator "TA"]
[PlyCount "57"]
[EventDate "2024.05.13"]
[EventType "swiss"]
[EventCountry "UAE"]
[SourceTitle "playchess.com"]
[Source "ChessBase"]
[SourceQuality "1"]
[TimeControl "5400+30"]

1. d4 Nf6 2. c4 e6 3. Nf3 d5 4. Nc3 Be7 5. Bf4 O-O 6. e3 Nbd7 7. cxd5 Nxd5 8. Nxd5 exd5 9. Be2 Bb4+ 10. Nd2 Nb6 11. a3 Bd6 12. Bxd6 Qxd6 13. Bd3 a5 14. O-O c6 15. b4 axb4 16. Qb1 g6 17. Qxb4 Qxb4 18. axb4 Be6 19. f3 Rfb8 20. Kf2 Kf8 21. Nb3 Nc8 22. Nc5 b6 23. Nxe6+ fxe6 24. Rfc1 {[%emt 0:00:27] aiming for Rxa8.} Rxa1 25. Rxa1 Ke7 26. e4 {[%emt 0:08:24] White is more active.} (26. g4 $16) 26... dxe4 $11 {[%emt 0:08:33] The position is equal.} 27. Bxe4 Kd6 28. h4 Ne7 29. Ra7 {[%emt 0:11:34] Weighted Error Value: White=0.11 (very precise) /Black=0.09 (flawless) .  Mistake:       	White=1     	---        Inaccurate:     	---       	Black=2      OK:         	White=5     	Black=8      Best:        	---       	Black=1} 1/2-1/2

[Event "7th Sharjah Masters 2024"]
[Site "Sharjah"]
[Date "2024.05.18"]
[Round "5.18"]
[White "Martirosyan, Haik M."]
[Black "Moroni, Luca Jr"]
[Result "1-0"]
[ECO "C54"]
[WhiteElo "2679"]
[BlackElo "2581"]
[Annotator "TA"]
[PlyCount "105"]
[EventDate "2024.05.13"]
[EventType "swiss"]
[EventCountry "UAE"]
[SourceTitle "playchess.com"]
[Source "ChessBase"]
[SourceQuality "1"]
[TimeControl "5400+30"]

1. e4 e5 2. Nf3 Nc6 3. Bc4 Bc5 4. c3 Nf6 5. d3 d6 6. O-O a6 7. Re1 {[%emt 0:00:30] C54: Giuoco Piano: 4 c3 Nf6, main lines with 5 d4 and 5 d3.} Ba7 8. Nbd2 {[%emt 0:00:30] 8.a4 is the modern continuation.} O-O 9. Nf1 h6 10. Ng3 Be6 11. Bxe6 fxe6 12. h3 $146 ({Predecessor:} 12. Be3 Bxe3 13. Rxe3 Ne7 14. d4 Ng6 15. Qb3 Qd7 16. Rd1 Kh8 17. h3 exd4 18. cxd4 {0-1 Savchenko,B (2551)-Sadhwani,R (2545) Levitov Christmas Online Final blitz 2020 (1.1)}) 12... Qe8 13. Be3 Bxe3 14. Rxe3 Rd8 15. Qb3 b6 16. d4 Kh8 17. Rd1 Na5 18. Qc2 Nc6 19. a3 b5 20. Red3 Nd7 21. Qe2 Rb8 22. Nf1 Qg6 23. Re3 Nf6 24. g3 Qf7 25. N1h2 (25. dxe5 $16 dxe5) 25... Kg8 (25... Nd7 $11 {keeps the balance.}) 26. dxe5 $16 dxe5 27. b4 Rfd8 28. Rxd8+ Rxd8 29. a4 Qd7 {[%emt 0:01:00] [#]} 30. Kg2 $1 (30. axb5 Qd1+ 31. Qxd1 Rxd1+ 32. Kg2 axb5 $17) 30... bxa4 31. Qxa6 Ne7 32. b5 (32. Nxe5 Qd6 33. Qb5 (33. Qxa4 Qxe5 34. Nf3 Qd6 $17) 33... Ra8 $14) 32... Qd6 33. Qxa4 Qc5 34. Ng4 Nxg4 35. hxg4 Nc8 36. Qa2 Re8 37. g5 Nd6 38. gxh6 gxh6 39. c4 Rf8 40. Nd2 c6 41. b6 Qxb6 42. c5 $1 Qxc5 43. Qxe6+ Kg7 44. Nf3 Rf6 45. Qg4+ Kf8 46. Rb3 Qc4 $2 (46... Nb5 {was called for.} 47. Rb2 Qe7) 47. Rb8+ $18 (47. Nxe5 Qxb3 48. Nd7+ Ke7 49. Nxf6 Kxf6 $15) 47... Ke7 {[#]} 48. Ra8 $1 (48. Nxe5 Qxe4+ 49. Qxe4 Nxe4 $14) 48... Nf5 49. Ra7+ (49. Nxe5 Ne3+ 50. Kh3 Qf1+ (50... Nxg4 51. Nxc4 Nxf2+ 52. Kg2 $15) 51. Kh4 Nxg4 52. Kxg4 Qxf2 (52... Rxf2 53. Ng6+ Kf6 54. Nf4 Qd1+ 55. Kh4 Rh2+ 56. Nh3 h5 57. Rf8+ Ke7 58. Re8+ Kxe8 59. Kg5 Rxh3 60. Kf4 Qd2+ 61. Ke5 Rxg3 62. Kf5 Rg5+ 63. Ke6 Qd7+ 64. Kf6 Qe7#) 53. Ra3 Qe2+ 54. Kh3 Rf1 (54... Qxe4 55. Ra7+ Ke6 56. Ra8 Kxe5 57. Re8+ Re6 58. Rxe6+ Kxe6 59. g4 Qf3+ 60. Kh2 Qxg4 61. Kh1 Kd5 62. Kh2 Ke4 63. Kh1 Kf3 64. Kh2 Qg2#) (54... Qh5+ 55. Kg2 Qxe5 56. Ra7+ Ke6 57. Ra8 Qxe4+ 58. Kh3 Qh1+ 59. Kg4 h5+ 60. Kg5 Qd5+ 61. Kh4 Qe4+ 62. Kxh5 Qf5+ 63. Kh4 Rh6#) (54... Qxe4 55. Ra7+ Ke6 56. Ra8 Kxe5 57. Re8+ Re6 58. Rxe6+ Kxe6 59. g4 Ke5 60. Kg3 Qe2 61. g5 hxg5 62. Kh3 Kf5 63. Kg3 g4 64. Kh4 Qh2#) (54... Qh5+ 55. Kg2 Qxe5 56. Ra7+ Ke6 57. Ra8 Qxe4+ 58. Kh3 Qh1+ 59. Kg4 h5+ 60. Kg5 Qd5+ 61. Kh4 Qe4+ 62. Kxh5 Qf5+ 63. Kh4 Rh6#)) 49... Kd6 50. Rd7+ Kc5 51. Nd2 (51. Nxe5 {is a self mate.} Ne3+ 52. Kh3 Qf1+ (52... Nxg4 $2 53. Nxc4 Nxf2+ 54. Kh4 $19) 53. Kh4 Ng2+ (53... Nxg4 $2 54. Kxg4 Qe2+ 55. f3 $19) 54. Kh5 Qh1+ (54... Qxf2 $2 {perishes.} 55. Nd3+ Kb6 56. Nxf2 $18) (54... Qxf2 $2 {is the wrong capture.} 55. Nd3+ Kb6 56. Nxf2 $18)) 51... Qb4 52. Qh5 Rd6 53. Qxf5 1-0

[Event "7th Sharjah Masters 2024"]
[Site "Sharjah"]
[Date "2024.05.18"]
[Round "5.19"]
[White "Pranav, V."]
[Black "Yakubboev, Nodirbek"]
[Result "1-0"]
[ECO "C28"]
[WhiteElo "2587"]
[BlackElo "2665"]
[Annotator "TA"]
[PlyCount "75"]
[EventDate "2024.05.13"]
[EventType "swiss"]
[EventCountry "UAE"]
[SourceTitle "playchess.com"]
[Source "ChessBase"]
[SourceQuality "1"]
[TimeControl "5400+30"]

1. e4 e5 2. Nc3 Nf6 3. Bc4 Nc6 4. d3 Na5 5. Bb3 Nxb3 6. axb3 d5 7. Nf3 (7. exd5 {looks sharper.} Nxd5 8. Qh5 Nb4 9. Qxe5+ Be7 10. Kd1) 7... Bb4 {[%emt 0:00:30] [#] aiming for ...d4.} 8. O-O dxe4 9. Nxe5 {[%emt 0:00:30] White is slightly better.} Bxc3 10. bxc3 O-O 11. Bg5 exd3 12. Nxd3 h6 13. Bh4 g5 14. Bg3 Bg4 {[%emt 0:00:30] Prevents Qf3} 15. f3 Bf5 16. Be5 Nd7 17. Bd4 a5 18. c4 (18. f4 $1 $14) 18... a4 19. Rxa4 $14 {[%emt 0:00:30] White is more active.} Rxa4 20. bxa4 Re8 21. c5 (21. a5 $16) 21... Nf8 22. Bf2 Qd7 23. Qa1 (23. a5 $14 {is more appropriate.}) 23... Re2 (23... Bxd3 $5 24. cxd3 Ra8 $11) 24. a5 {[%emt 0:00:30] Ne5 is the strong threat.} c6 25. Nb4 Re6 (25... Bxc2 $11 26. a6 bxa6) 26. Rd1 $16 Qe7 27. Qd4 g4 28. Qf4 $18 Qg5 29. Qxg5+ hxg5 30. fxg4 Bxg4 31. Rd8 {[%emt 0:00:30] [#] Hoping for Rb8.} Re7 (31... Kg7 $16 {was worth a try.} 32. Rb8 Re7 33. Bd4+ f6) 32. h3 Be6 (32... Rd7) 33. Rb8 (33. Bg3 $142 Rd7 34. Re8) 33... Rd7 34. a6 bxa6 35. Nxc6 {[%emt 0:00:30] Threatens to win with Nd4.} Rd1+ 36. Kh2 {Strongly threatening Nd4.} Kg7 $2 (36... Rd2 37. Bd4 f6) 37. Nd4 Rf1 38. Bg3 {[%emt 0:00:30] Weighted Error Value: White=0.18 (very precise) /Black=0.38.  Mistake:       	White=4     	Black=6      Inaccurate:     	White=2     	Black=4      OK:         	White=14    	Black=11     Best:        	White=2     	Black=1} 1-0

[Event "7th Sharjah Masters 2024"]
[Site "Sharjah"]
[Date "2024.05.18"]
[Round "5.20"]
[White "Sadhwani, Raunak"]
[Black "Horvath, Dominik"]
[Result "1/2-1/2"]
[ECO "D33"]
[WhiteElo "2654"]
[BlackElo "2554"]
[Annotator "TA"]
[PlyCount "55"]
[EventDate "2024.05.13"]
[EventType "swiss"]
[EventCountry "UAE"]
[SourceTitle "playchess.com"]
[Source "ChessBase"]
[SourceQuality "1"]
[TimeControl "5400+30"]

1. c4 c5 2. Nc3 Nf6 3. g3 Nc6 4. Bg2 e6 5. Nf3 d5 6. cxd5 exd5 7. d4 cxd4 8. Nxd4 Bc5 9. Nxc6 bxc6 10. Qa4 Bd7 11. O-O O-O 12. Bg5 Rb8 13. Qc2 Be7 14. Bf4 Rb6 (14... Rc8 $11) 15. e4 Nxe4 (15... Bg4 $14 {deserves consideration.}) 16. Nxe4 $16 dxe4 17. Bxe4 h6 18. Rad1 Qc8 19. Rfe1 {[%emt 0:00:30] [#] And now Bh7+ would win.} Be6 20. b3 c5 21. Be3 {[%emt 0:00:30] White has more active pieces.} Qc7 22. Rc1 Rc8 23. Qe2 Qd7 24. Bf3 a5 25. Red1 Qe8 {[%emt 0:00:30] The position is equal.} 26. Qe1 a4 27. Qa5 Rb4 28. Bd2 {[%emt 0:00:30] Weighted Error Value: White=0.11 (very precise) /Black=0.12 (very precise) .  Mistake:       	---       	Black=2      Inaccurate:     	White=2     	Black=1      OK:         	White=4     	Black=8} ({But not} 28. Bxc5 Rb5 $17) 1/2-1/2

[Event "7th Sharjah Masters 2024"]
[Site "Sharjah"]
[Date "2024.05.18"]
[Round "5.21"]
[White "Gurel, Ediz"]
[Black "Ter-Sahakyan, Samvel"]
[Result "1/2-1/2"]
[ECO "C60"]
[WhiteElo "2578"]
[BlackElo "2652"]
[Annotator "TA"]
[PlyCount "94"]
[EventDate "2024.05.13"]
[EventType "swiss"]
[EventCountry "UAE"]
[SourceTitle "playchess.com"]
[Source "ChessBase"]
[SourceQuality "1"]
[TimeControl "5400+30"]

1. e4 e5 2. Nf3 Nc6 3. Bb5 a6 4. Ba4 Nge7 5. O-O Ng6 6. c3 {[%emt 0:00:30] C60: Ruy Lopez: Unusual Black 3rd moves and 3...g6.} d5 7. exd5 Qxd5 8. d4 Bg4 9. Bb3 Bxf3 10. Bxd5 Bxd1 11. Rxd1 O-O-O 12. Bxf7 exd4 13. Bg5 Be7 14. Bxe7 Ngxe7 15. cxd4 Nxd4 16. Nc3 Rhf8 17. Bc4 Ng8 $146 ({Predecessor:} 17... Nec6 18. Rac1 Ne5 19. Bf1 Rf6 20. f3 Rb6 21. b3 g5 22. Kf2 Re6 23. h3 h5 {1-0 Gurel,E (2578)-Kurmangaliyeva,L (2230) Sardinia World op-A 2024 (1)}) 18. f3 Nf6 19. Rac1 c6 20. Re1 b5 21. Bf1 Rfe8 22. Rxe8 Rxe8 23. Kf2 Kc7 24. h4 c5 25. g4 Rf8 26. Kg3 c4 27. h5 h6 28. Rd1 Rd8 29. a3 Kc6 30. f4 Kc5 31. Re1 Nc6 32. Re6 a5 (32... Re8 $11 {remains equal.} 33. Rxe8 (33. Bxc4 $2 bxc4 34. Na4+ Kd5 $19) 33... Nxe8) 33. Bg2 $16 Nd4 ({Black should try} 33... Rd3+ 34. Kh4 Nd4 35. Re5+ Kd6 (35... Kb6 36. g5 $16)) 34. Re5+ $16 Kb6 {[%emt 0:00:30] [#]} 35. g5 $1 hxg5 36. fxg5 ({Much weaker is} 36. Rxg5 $6 b4 37. Na4+ Ka6 $11) 36... Nxh5+ 37. Kg4 g6 {[%emt 0:00:30] [#]} 38. Be4 $1 Ng7 39. Bxg6 b4 40. Na4+ (40. axb4 $16 axb4 41. Nd5+ Kb5 42. Ne3+ Ka4 43. Nxc4 (43. Re7 Nde6 $14)) 40... Ka6 $1 $11 41. Bf7 Nb5 42. Rc5 ({Much worse is} 42. Bxc4 Rd4+ 43. Kh3 Rxc4 $17) 42... Rd4+ 43. Kh3 Nd6 44. g6 Nxf7 45. gxf7 Rf4 46. axb4 axb4 47. Rxc4 Rxf7 1/2-1/2

[Event "7th Sharjah Masters 2024"]
[Site "Sharjah"]
[Date "2024.05.18"]
[Round "5.22"]
[White "Mchedlishvili, Mikheil"]
[Black "Sargsyan, Shant"]
[Result "1/2-1/2"]
[ECO "E05"]
[WhiteElo "2569"]
[BlackElo "2637"]
[Annotator "TA"]
[PlyCount "25"]
[EventDate "2024.05.13"]
[EventType "swiss"]
[EventCountry "UAE"]
[SourceTitle "playchess.com"]
[Source "ChessBase"]
[SourceQuality "1"]
[TimeControl "5400+30"]

1. d4 d5 2. Nf3 Nf6 3. c4 e6 4. g3 Be7 5. Bg2 O-O 6. O-O dxc4 7. Qc2 a6 8. a4 Bd7 9. Qxc4 Bc6 10. Bg5 Nbd7 11. Nc3 {[%emt 0:02:26] The position is equal.} h6 {[%emt 0:00:16] [#] White must now prevent ...Nb6.} 12. Bxf6 Nxf6 13. b4 {[%emt 0:03:19] A rather calm draw.} 1/2-1/2

[Event "7th Sharjah Masters 2024"]
[Site "Sharjah"]
[Date "2024.05.18"]
[Round "5.23"]
[White "Mishra, Abhimanyu"]
[Black "Bharath Subramaniyam H"]
[Result "1/2-1/2"]
[ECO "E04"]
[WhiteElo "2634"]
[BlackElo "2545"]
[Annotator "RC"]
[PlyCount "63"]
[EventDate "2024.05.13"]
[EventType "swiss"]
[EventCountry "UAE"]
[SourceTitle "playchess.com"]
[Source "ChessBase"]
[SourceQuality "1"]
[TimeControl "5400+30"]

1. d4 Nf6 2. c4 e6 3. Nf3 d5 4. g3 dxc4 5. Bg2 Bb4+ 6. Bd2 a5 7. a3 Bxd2+ 8. Nbxd2 b5 9. b3 cxb3 10. Qxb3 c6 11. O-O O-O 12. Rfc1 Bb7 13. Qb2 Nbd7 14. Ne1 e5 15. Nd3 exd4 16. Bxc6 Bxc6 17. Rxc6 Nd5 18. Qxd4 N7f6 19. Rc5 b4 20. axb4 Nxb4 21. Qxd8 Raxd8 22. Ra3 Rfe8 23. Kf1 Nxd3 24. Rxd3 a4 25. Rxd8 Rxd8 26. Ra5 g6 27. Nc4 Rd1+ 28. Kg2 Re1 29. Kf3 Ra1 30. e4 Nd7 31. Ke3 Re1+ 32. Kd3 1/2-1/2

[Event "7th Sharjah Masters 2024"]
[Site "Sharjah"]
[Date "2024.05.18"]
[Round "5.24"]
[White "Kadric, Denis"]
[Black "Suleymanli, Aydin"]
[Result "0-1"]
[ECO "C54"]
[WhiteElo "2558"]
[BlackElo "2621"]
[Annotator "TA"]
[PlyCount "88"]
[EventDate "2024.05.13"]
[EventType "swiss"]
[EventCountry "UAE"]
[SourceTitle "playchess.com"]
[Source "ChessBase"]
[SourceQuality "1"]
[TimeControl "5400+30"]

1. e4 e5 2. Nf3 Nc6 3. Bc4 Nf6 4. d3 Bc5 5. O-O d6 6. c3 O-O 7. h3 h6 8. b4 Bb6 9. a4 a5 10. b5 Ne7 11. Nbd2 Ng6 {[%emt 0:02:22] The position is equal.} 12. d4 exd4 13. cxd4 d5 14. exd5 Nxd5 15. Qb3 Be6 16. Ba3 Re8 17. Rfe1 Ndf4 18. Rad1 Bxc4 19. Rxe8+ (19. Nxc4 Qd5 20. Ncd2 Qf5) 19... Qxe8 20. Nxc4 Qe6 21. Re1 Qd5 $40 {[%emt 0:00:53][%mdl 128] Black has some attack.} 22. Qc3 Rd8 23. Nxb6 cxb6 24. Re3 (24. Bc1 $11) 24... Ne6 (24... Qf5 {keeps more tension.} 25. Qc7 Qc8 26. Qxc8 Rxc8 27. Ne5 Nxe5 28. Rxe5 f6) 25. Bb2 Ngf4 26. Kh2 {[%emt 0:02:24] [#]} (26. Qc2 $1 $11 {remains equal.}) 26... Qd6 $1 $17 27. Qa3 Qxa3 28. Rxa3 Nd5 29. Ra1 Rc8 30. Kg1 Rc2 31. Bc1 f6 32. Kf1 Kf7 {[%emt 0:00:13] Black has more active pieces.} 33. g3 Ke7 34. Ke1 Nb4 {[%emt 0:02:41] And now ...Nd3+ would win. Excellent horsemanship.} 35. Ba3 (35. Be3 $17) 35... Rc3 $19 36. Ke2 Kd6 37. Bxb4+ (37. Bc1 $142) 37... axb4 {[%emt 0:00:04][%mdl 4096] Endgame. KRN-KRN} 38. Rb1 b3 {[%emt 0:00:13] Black is clearly winning.} 39. Ne1 Kd5 ({But not} 39... Nxd4+ 40. Kd2 Rc4 41. h4) 40. Ng2 Nxd4+ 41. Kd2 Rc2+ 42. Kd3 Rxf2 43. Ne3+ Kc5 44. Rc1+ {[%emt 0:00:30] [#]} (44. Rf1 $142 Rxf1 45. Nxf1) 44... Nc2 $1 {[%emt 0:27:18] Weighted Error Value: White=0.27 (precise) /Black=0.06 (flawless) .  Mistake:       	White=5     	---        Inaccurate:     	---       	Black=1      OK:         	White=15    	Black=16     Best:        	White=1     	Black=4      Strong:       	---       	Black=1      Brilliant:      	---       	Black=1} 0-1